 Dungeon Crawl Stone Soup version 0.28.0 (webtiles) character file.

Game seed: 3426017466050316917

78 laceratedsky the Chopper (level 4, -2/41 HPs)
             Began as a Minotaur Berserker on Feb 6, 2022.
             Was a Believer of Trog.
             Slain by Sigmund (9 damage)
             ... on level 2 of the Dungeon.
             The game lasted 00:03:38 (1276 turns).

laceratedsky the Chopper (Minotaur Berserker)       Turns: 1276, Time: 00:03:38

Health: -2/41      AC:  3    Str: 23    XL:     4   Next: 15%
Magic:  3/3        EV: 12    Int:  4    God:    Trog [**....]
Gold:   27         SH:  0    Dex: 10    Spells: 3/3 levels left

rFire   . . .      SeeInvis .   e - +1 mace (vorpal)
rCold   . . .      Faith    .   (no shield)
rNeg    . . .      Spirit   .   h - +0 leather armour
rPois   .          Reflect  .   (helmet restricted)
rElec   .          Harm     .   (no cloak)
rCorr   .          Rampage  .   (no gloves)
Will    .....                   (no boots)
Stlth   +.........              d - amulet of the acrobat
HPRegen 0.13/turn               (no ring)
MPRegen 0.08/turn               (no ring)

@: no status effects
A: horns 2, retaliatory headbutt
a: Renounce Religion, Berserk, Trog's Hand


You were on level 2 of the Dungeon.
You worshipped Trog.
Trog was pleased with you.
You visited 1 branch of the dungeon, and saw 2 of its levels.

You collected 27 gold pieces.

Inventory:

Hand Weapons
 a - a +1 hand axe
 e - a +1 vorpal mace (weapon)
Armour
 b - a +0 animal skin
 h - a +0 leather armour (worn)
Jewellery
 d - an amulet of the acrobat (around neck)
 g - a +6 ring of intelligence
Potions
 c - a potion of cancellation {unknown}


   Skills:
 + Level 4.4 Fighting
 + Level 4.6 Axes
 + Level 3.1 Armour
 + Level 2.9 Dodging


You had 3 spell levels left.
You didn't know any spells.
Your spell library was empty.

Dungeon Overview and Level Annotations

Branches:
Dungeon (2/15)

Altars:

Annotations:
D:2 Sigmund


Innate Abilities, Weirdness & Mutations

You have a pair of horns on your head.
You reflexively headbutt those who attack you in melee.


Message History

You have reached level 4!
You feel agile.
You hit the ball python.
You kill the ball python!
Trog accepts your kill.
No target in view!
No target in view!
Found a stone staircase leading down.
Found 5 silver javelins.
No target in view!
Sigmund the Dreaded comes into view.
He is wielding a +0 scythe.
Sigmund shouts!
Sigmund gestures wildly while chanting.
Sigmund flickers and vanishes!
Deactivating autopickup; reactivate with Ctrl-A.
No target in view!
No target in view!
No target in view!
No target in view!
You barely miss something. Your headbutt misses something.
Something hits you but does no damage.
You completely miss something. Your headbutt misses something.
Something hits you.
You hit something. You headbutt something. Something hits you!
You closely miss something. Something hits you!
You miss something.
You hear some strange, mumbled words.
A puff of flame appears from out of thin air!
The puff of flame hits you!
You sock something! Your headbutt misses something.
Something completely misses you.
You miss something. Your headbutt misses something. Something hits you.
You hit something. Your headbutt misses something. You hit something.
Your headbutt misses something.
You hear some strange, mumbled words.
A magic dart appears from out of thin air!
The magic dart hits you.
* * * LOW HITPOINT WARNING * * *
You miss something. Your headbutt misses something. Something hits you!
You die...

.........>#,#.##..#
###.#.#.#.###.##..#
##....#.#.........###
#....<#.#...........#
#...###.#.........#.#
#.......#####.....#.#
#....########.###.#.#
#....# *,.........#.#
#....# *,.......@.#(#
#....#**,......{..#.#
#...##*,,.........#.#
##...#*,,.........#,*
.....#*,,........##,*
###...............,,*
#,...##......#####***
#,#.##*,(....* ....#
*,*.,,,*


There were no monsters in sight!

Vanquished Creatures
  A gnoll (D:1)
  2 adders (D:2)
  A worm (D:2)
  2 dart slugs (D:2)
  A ball python (D:2)
  5 endoplasms
  3 goblins (D:1)
  4 hobgoblins
  5 jackals
  2 quokkas (D:1)
  4 bats
  3 frilled lizards
  6 kobolds
  2 rats
41 creatures vanquished.

Notes
Turn   | Place    | Note
-------+----------+-------------------------------------------
     0 | D:1      | laceratedsky the Minotaur Berserker began the quest for the
                  | Orb.
     0 | D:1      | Reached XP level 1. HP: 19/19 MP: 0/0
   190 | D:1      | Reached XP level 2. HP: 27/27 MP: 1/1
   521 | D:1      | Found a faded altar of an unknown god.
   598 | D:1      | Reached XP level 3. HP: 32/33 MP: 2/2
   697 | D:1      | Reached ** piety under Trog
  1233 | D:2      | Reached XP level 4. HP: 39/41 MP: 3/3
  1263 | D:2      | Noticed Sigmund
  1276 | D:2      | Slain by Sigmund

Illustrated notes

Levels and vault maps discovered:
D:1:      tarquinn_simple_flora_water_e, layout_loops_cross,
          hellmonk_ecumenical_altar_inner_sanctum, minmay_bisected
D:2:      layout_basic, basic_altar, minmay_tetromino_i2, uniq_sigmund

Skill      XL: |  1  2  3 |
---------------+----------+-----
Fighting       | 4 |  4.4
Axes           | 4 |  4.6
Armour         | 3 |  3.1
Dodging        | |  2.9

Action                   |  1- 3 |  4- 6 || total
-------------------------+-------+-------++-------
Melee: Hand axe          |    79 |       ||    79
       Headbutt          |    17 |     1 ||    18
       Mace              |     3 |    11 ||    14
  Use: Scroll            |     4 |       ||     4
Armor: Animal skin       |     5 |       ||     5
       Leather armour    |    11 |     1 ||    12
Dodge: Dodged            |    53 |     1 ||    54
